 Dungeon Crawl Stone Soup version 0.24-a0-778-g74da537585 (webtiles) character file.

Game seed: 2870693242918808024, levelgen mode: deterministic

106 Kohma the Chopper (level 4, -2/39 HPs)
             Began as a Hill Orc Abyssal Knight on Oct 7, 2019.
             Was a Believer of Lugonu.
             Slain by an orc
             ... wielding a +0 hand axe
              (3 damage)
             ... on level 3 of the Dungeon.
             The game lasted 00:04:34 (2240 turns).

Kohma the Chopper (Hill Orc Abyssal Knight)         Turns: 2240, Time: 00:04:34

Health: -2/39      AC:  4    Str: 15    XL:     4   Next: 84%
Magic:  5/5        EV: 16    Int: 17    God:    Lugonu [**....]
Gold:   117        SH:  0    Dex: 15    Spells: 3/3 levels left

rFire    . . .     SeeInvis .   m - +0 halberd
rCold    . . .     Gourm    .   (shield currently unavailable)
rNeg     . . .     Faith    .   b - +0 leather armour
rPois    .         Spirit   .   (no helmet)
rElec    .         Reflect  .   q - +0 cloak
rCorr    .         Harm     .   (no gloves)
MR       .....                  (no boots)
Stlth    ++........             (no amulet)
HPRegen  0.13/turn              (no ring)
MPRegen  0.09/turn              (no ring)

@: brilliant, agile, lethally poisoned (-2 -> -3)
A: no striking features
a: Depart the Abyss, Bend Space, Renounce Religion


You were on level 3 of the Dungeon.
You worshipped Lugonu.
Lugonu was pleased with you.
You were not hungry.

You visited 1 branch of the dungeon, and saw 3 of its levels.
You visited the Abyss 1 time.

You collected 117 gold pieces.

Inventory:

Hand Weapons
 a - a +1 hand axe
 j - a +0 hunting sling
 m - a +0 halberd (weapon)
Missiles
 f - 59 stones (quivered)
 g - 22 sling bullets
Armour
 b - a +0 leather armour (worn)
 q - a +0 cloak (worn)
Wands
 k - a wand of acid (5)
Scrolls
 d - a scroll of fog {unknown}
 e - 2 scrolls of teleportation {unknown}
 i - a scroll of identify {unknown}
 l - a scroll of amnesia {unknown}
 o - 2 scrolls of enchant armour {unknown}
 p - a scroll of remove curse {unknown}
Comestibles
 c - 2 rations
 r - 2 chunks of flesh


   Skills:
 - Level 3.6 Fighting
 * Level 5.5 Axes
 + Level 3.4 Armour
 - Level 0.7 Dodging
 - Level 2.4 Invocations


You had 3 spell levels left.
You didn't know any spells.
Your spell library was empty.

Dungeon Overview and Level Annotations

Branches:
Dungeon (3/15)

Altars:
Ru
Sif Muna
Trog


Message History

You barely miss the adder.
The adder is heavily wounded.
You feel sick. The adder bites you. The orc hits you with a +0 hand axe.
* * * LOW HITPOINT WARNING * * *
The adder barely misses you. The orc hits you with a +0 hand axe.
* * * LOW HITPOINT WARNING * * *
You closely miss the adder.
The adder is heavily wounded.
The adder bites you but does no damage. The adder barely misses you.
The orc hits you but does no damage.
It was a potion of brilliance.
You feel clever all of a sudden. The adder bites you but does no damage.
The orc hits you with a +0 hand axe.
* * * LOW HITPOINT WARNING * * *
It was a potion of agility.
You feel agile all of a sudden.
* * * LOW HITPOINT WARNING * * *
You feel sick. The adder closely misses you.
The orc hits you with a +0 hand axe.
You die...

#..........###.###.#
#.... #..........#
#.# #.# ##...
#..........###+###.#
#...
#..................#
#..#
#.#+#.##[...........
##.# .
#+#+##........####
#.# ..............#
#.. ....####)####.#
####. .[. #oo@.#
#<... . #.##S# ####.
#.?.#.# #. ..._....
#. #.#.o.###. ##
#.##.## .# #. # ..#
# #. #S# #. ... #.


You could see an adder and 2 orcs.

Vanquished Creatures
  Crazy Yiuf (D:2)
  An adder (D:3)
  3 oozes
  A worm (D:2)
  A dart slug (D:1)
  4 orcs (D:3)
  A ball python (D:1)
  5 giant cockroaches
  4 goblins
  5 hobgoblins
  5 kobolds
  4 bats
  7 frilled lizards
  5 rats
  A fungus (D:2)
48 creatures vanquished.

Notes
Turn   | Place    | Note
-------+----------+-------------------------------------------
     0 | Abyss:1  | Kohma the Hill Orc Abyssal Knight began the quest for the
                  | Orb.
     0 | Abyss:1  | Reached XP level 1. HP: 19/19 MP: 2/2
    58 | D:1      | Escaped the Abyss
    71 | D:1      | Reached skill level 3 in Axes
   334 | D:1      | Reached XP level 2. HP: 26/26 MP: 3/3
   728 | D:1      | Reached ** piety under Lugonu
   728 | D:1      | Reached skill level 4 in Axes
   757 | D:1      | Reached XP level 3. HP: 20/31 MP: 4/4
  1532 | D:2      | Found a bloodstained altar of Trog.
  1766 | D:2      | Found a runed translucent door.
  1767 | D:2      | Noticed Crazy Yiuf
  1774 | D:2      | Killed Crazy Yiuf
  1774 | D:2      | Reached skill level 5 in Axes
  1774 | D:2      | Reached XP level 4. HP: 25/39 MP: 0/5
  2168 | D:3      | Found a sacrificial altar of Ru.
  2205 | D:3      | Found a shimmering blue altar of Sif Muna.
  2240 | D:3      | HP: 1/39 [poisoned by an adder]
  2240 | D:3      | Slain by an orc

Levels and vault maps discovered:
D:1:      dpeg_arrival_orchard, layout_rooms, minmay_misc_feat_alley,
          minmay_worlds_worst_comb
D:2:      layout_loops_cross, lemuel_round_altar, uniq_crazy_yiuf_cottage
D:3:      layout_basic, nicolae_overflow_crystal_walls, elyvilon_altar_3,
          lemuel_doored_altar, first_ration

Skill      XL: |  1  2  3 |
---------------+----------+-----
Axes           | 3 4 5 |  5.5
Armour         | 3 |  3.4
Fighting       | |  3.6
Dodging        | |  0.7
Invocations    | |  2.4

Action                   |  1- 3 |  4- 6 || total
-------------------------+-------+-------++-------
Melee: Hand axe          |    60 |       ||    60
       Halberd           |    51 |    54 ||   105
Throw: Stone             |    15 |     1 ||    16
  Use: Potion            |       |     2 ||     2
  Eat: Chunk             |     2 |       ||     2
       Ration            |       |     1 ||     1
Armor: Leather armour    |    27 |    14 ||    41
Dodge: Dodged            |    61 |    38 ||    99

Table legend:
 A = Non-vault XP
 B = Vault XP
 C = Vault XP percentage of total XP
 D = Non-vault monster count
 E = Vault monster count
 F = Vault count percentage of total count
                 A         B        C        D         E       F
            +---------+---------+-------+---------+---------+-------
      Total |     109 |      43 |  28.3 |      44 |       3 |   6.4
            +---------+---------+-------+---------+---------+-------
        D:1 |      39 |       4 |   9.3 |      19 |       2 |   9.5
        D:2 |      34 |      39 |  53.4 |      12 |       1 |   7.7
        D:3 |      36 |       0 |   0.0 |      13 |       0 |   0.0
            +---------+---------+-------+---------+---------+-------
